 Dungeon Crawl Stone Soup version 0.31-a0-846-gb3bcc0d938 (console) character file.

Game seed: 3929873451233222355

1518 petzl the Sneak (level 9, -4/64 (65) HPs)
             Began as a Formicid Delver on Oct 3, 2023.
             Slain by a gnoll
             ... wielding a +0 club
             ... led by a gnoll sergeant
              (5 damage)
             ... on level 7 of the Dungeon.
             The game lasted 00:35:21 (8410 turns).

petzl the Sneak (Formicid Delver)                   Turns: 8410, Time: 00:35:21

HP:   -4/64 (65)    AC:  8    Str: 16    XL:     9   Next: 9%
MP:   17/17         EV: 12    Int: 15    God:
Gold: 99            SH:  0    Dex: 21    Spells: 15/19 levels left

rFire   . . .        b - +2 whip (venom)
rCold   . . .        (no shield)
rNeg    . . .        v - +3 leather armour
rPois   .            (helmet unavailable)
rElec   .            F - +0 cloak
rCorr   .            (no gloves)
SInv    +            n - +0 pair of boots
Will    +....        q - amulet of magic regeneration
Stlth   +++          k - ring of willpower
HPRegen 0.30/turn    L - +6 ring of dexterity
MPRegen 0.55/turn

%: no passive effects
@: lightly drained
A: permanent stasis, dig shafts and tunnels, antennae 3, four strong arms
a: Dig, Shaft Self


You were on level 7 of the Dungeon.
You visited 1 branch of the dungeon, and saw 11 of its levels.

You collected 560 gold pieces.
You spent 461 gold pieces at shops.

Inventory:

Hand Weapons
 a - a +2 orcbow of freezing
 b - a +2 whip of venom (weapon)
 m - a +0 dagger of protection {!f =f}
 E - a +3 quarterstaff of chaos
Missiles
 g - 5 boomerangs (quivered)
 l - 23 poisoned darts
 M - a curare-tipped dart
Armour
 n - a +0 pair of boots (worn)
 v - a +3 leather armour (worn)
 F - a +0 cloak (worn)
Jewellery
 k - a ring of willpower (left hand)
 q - an amulet of magic regeneration (around neck)
 G - a ring of flight
 L - a +6 ring of dexterity (right hand)
Wands
 f - a wand of digging (3)
 x - a wand of polymorph (10)
 z - a wand of flame (6)
Scrolls
 c - a scroll of fog
 d - 3 scrolls of revelation
 r - a scroll of vulnerability
 w - 2 scrolls of immolation
 y - a scroll of poison
 A - 2 scrolls of enchant armour
 B - 3 scrolls of identify
 C - 2 scrolls of amnesia
 J - a scroll of silence
 K - a scroll of noise {unknown}
Potions
 e - 2 potions of cancellation {unknown}
 h - 2 potions of invisibility {unknown}
 i - 2 potions of might
 j - a potion of curing
 o - 2 potions of berserk rage {unknown}
 p - a potion of enlightenment {unknown}
 s - a potion of haste {unknown}
 t - 2 potions of mutation {unknown}
 u - 3 potions of lignification {unknown}
 H - a potion of ambrosia {unknown}
 I - a potion of heal wounds {unknown}


   Skills:
 + Level 3.7 Fighting
 - Level 2.0 Maces & Flails
 + Level 3.4 Ranged Weapons
 - Level 1.7 Dodging
 - Level 6.0 Stealth
 + Level 5.8 Spellcasting
 + Level 4.8 Conjurations
 + Level 4.9 Translocations


You had 15 spell levels left.
You knew the following spells:

 Your Spells              Type           Power      Damage    Failure   Level
a - Iskenderun's Mystic   Conj/Tloc      19%        2d6       24%         4

Your spell library contained the following spells:

 Spells                   Type           Power      Damage    Failure   Level
 Foxfire                  Conj/Fire      44%        2x1d6     7%          1
 Inner Flame              Hex/Fire       4%         N/A       50%         3
 Tukima's Dance           Hex            4%         N/A       50%         3
 Dimensional Bullseye     Hex/Tloc       5%         N/A       54%         4
 Leda's Liquefaction      Hex/Erth       2%         N/A       88%         4
 Lee's Rapid Deconstruct  Erth           2%         3d4*      99%         5
 Yara's Violent Unravell  Hex/Tmut       2%         3d3       99%         5
 Bombard                  Conj/Erth      5%         9d2       100%        6
 Plasma Beam              Fire/Air       2%         2x1d12    100%        6
 Starburst                Conj/Fire      5%         6d4       100%        6
 Enfeeble                 Hex            2%         N/A       100%        7


Dungeon Overview and Level Annotations

Branches:
Dungeon (11/15)            Temple (0/1) D:4
   Lair: D:8-11         Orc: D:9-12

Altars:
Kikubaaqudgha
Ru

Shops:
D:4 ?**==   D:5 *

Annotations:
D:5 exclusion: downstairs
D:6 exclusions: downstairs and 2 upstairs
D:8 exclusion: downstairs
D:10 exclusions: downstairs and sensed monster (detected)


Innate Abilities, Weirdness & Mutations

You cannot be hasted, slowed, berserked, paralysed or teleported.
You can dig through walls and to a lower floor.
You have a pair of large antennae on your head. (SInv)
Your four strong arms can wield two-handed weapons with a shield.


Message History

The floor.
Unknown command.
Unknown command.
The gnoll sergeant hits you from afar with a +0 trident!
The gnoll sergeant hits you with a +0 trident.
The gnoll completely misses you. The gnoll barely misses you.
You hit the gnoll but do no damage.
The gnoll is poisoned.
The gnoll is severely wounded.
The gnoll sergeant hits you with a +0 trident.
The gnoll barely misses you. The gnoll hits you but does no damage.
You hit the gnoll.
You kill the gnoll!
The gnoll sergeant hits you with a +0 trident.
The gnoll hits you from afar with a +0 spear.
You hit the gnoll sergeant.
The gnoll sergeant is poisoned.
The gnoll sergeant is lightly wounded.
The gnoll sergeant barely misses you. The gnoll barely misses you.
You hit the gnoll sergeant.
The gnoll sergeant looks even sicker.
The gnoll sergeant is lightly wounded.
The gnoll sergeant hits you with a +0 trident!
The gnoll closely misses you. The gnoll misses you.
You hit the gnoll.
The gnoll is poisoned.
The gnoll is heavily wounded.
The gnoll sergeant hits you with a +0 trident.
The gnoll hits you but does no damage.
The gnoll hits you from afar with a +0 spear.
* * * LOW HITPOINT WARNING * * *
The gnoll sergeant hits you from afar with a +0 trident!
* * * LOW HITPOINT WARNING * * *
You feel better.
The gnoll sergeant hits you from afar with a +0 trident.
* * * LOW HITPOINT WARNING * * *
The gnoll barely misses you. x2
Okay, then.
Unknown command.
Are you sure you want to shaft yourself?
The gnoll sergeant hits you from afar with a +0 trident!
* * * LOW HITPOINT WARNING * * *
The gnoll hits you with a +0 club.
You die...

..####...#####.#####...####.........#
.## ##.## #.# #.....# ##.......## ##
#.# #.# #.##.## ##.....## # #.#
#.###.##.# ##...## #.# #........#
##+## #.# #####.#### #.# #.#
#.######## # #......... # #..######.
####### #.....># ....... ##.###.#
####### #.# #... #.# ####.# #<. # ###
#.# ### #.# ##.## #.# ##.@g## #.#
##..)..## ######.#
##....gg.###...##.# #####
#....$.........##.###....
##.......###...#....<..†.
##.....#.......#.#.#.#.#
##...##........#.#.#.#.
##.###.......#.#.#.#.#
.....###..{#.#.#.#.#. .##
#...##.#.#.#.# .# #.{...#.#.#.#. .#
######.#.#.#.# .#.#.#. .#.#.


You could see a gnoll sergeant (very poisoned) and 2 gnolls.

Vanquished Creatures
  An ogre (D:4)
  2 phantoms
  A bullfrog (D:8)
  3 kobold brigands
  A gnoll sergeant (D:6)
  3 scorpions
  A jelly (D:5)
  Crazy Yiuf (D:4)
  2 orc priests (D:3)
  2 hounds (D:5)
  A gnoll bouda (D:6)
  A sleepcap (D:6)
  Jessica (D:2)
  Ijyb (D:3)
  2 iguanas
  2 orc wizards
  Natasha (thrice) (D:3)
  9 gnolls
  10 adders
  2 worms
  3 dart slugs
  19 orcs
  7 ball pythons
  8 endoplasms
  4 giant cockroaches
  7 goblins
  7 hobgoblins
  2 jackals (D:2)
  5 quokkas
  4 bats
  5 frilled lizards
  24 kobolds
  13 rats
157 creatures vanquished.

Vanquished Creatures (others)
  A goblin (D:1)
1 creature vanquished.

Grand Total: 158 creatures vanquished

Notes
Turn   | Place    | Note
-------+----------+-------------------------------------------
     0 | D:5      | petzl the Formicid Delver began the quest for the Orb.
     0 | D:5      | Reached XP level 1. HP: 18/18 MP: 1/1
     1 | D:6      | Noticed a gnoll bouda
    26 | D:3      | Noticed Natasha
   110 | D:2      | Noticed Jessica
   199 | D:2      | Reached skill level 1 in Spellcasting
   199 | D:2      | Reached XP level 2. HP: 21/24 MP: 1/4
   313 | D:2      | Reached XP level 3. HP: 27/29 MP: 6/6
   469 | D:1      | Found a faded altar of an unknown god.
   622 | D:1      | You fall into a shaft and drop 1 floor!
   730 | D:2      | You fall into a shaft and drop 1 floor!
   833 | D:3      | Reached XP level 4. HP: 35/35 MP: 9/9
  1060 | D:3      | Noticed Ijyb
  1088 | D:2      | Killed Jessica
  1089 | D:2      | Reached XP level 5. HP: 27/41 MP: 11/11
  2315 | D:2      | Reached skill level 5 in Spellcasting
  2549 | D:3      | Found an ancient bone altar of Kikubaaqudgha.
  2683 | D:3      | You fall into a shaft and drop 3 floors!
  2816 | D:5      | Noticed a phantom
  2816 | D:5      | Found Icapoen's Assorted Antiques.
  2817 | D:5      | Noticed a phantom
  2817 | D:5      | Noticed an ogre
  2855 | D:7      | Reached XP level 6. HP: 29/47 MP: 14/14
  3290 | D:6      | You fall into a shaft and drop 3 floors!
  3330 | D:9      | Noticed a cyclops
  3459 | D:9      | Learned a level 4 spell: Iskenderun's Mystic Blast
  3487 | D:9      | Noticed an ice beast
  3755 | D:6      | Reached skill level 1 in Conjurations
  3755 | D:6      | Reached skill level 1 in Translocations
  3764 | D:6      | You fall into a shaft and drop 2 floors!
  3934 | D:9      | Noticed a hornet
  3944 | D:8      | You fall into a shaft and drop 2 floors!
  3944 | D:10     | Entered Level 10 of the Dungeon
  3950 | D:10     | HP: 2/47 [poisoned by a hornet]
  4200 | D:10     | Found the +8 demon blade "Leech" {evervamp, Harm Drain rN+}
  4224 | D:10     | Reached XP level 7. HP: 49/52 MP: 15/15
  4274 | D:11     | Noticed a red ugly thing
  4564 | D:8      | You fall into a shaft and drop 1 floor!
  4675 | D:6      | Reached skill level 1 in Ranged Weapons
  4738 | D:6      | You fall into a shaft and drop 1 floor!
  4952 | D:6      | You fall into a shaft and drop 3 floors!
  5338 | D:6      | You fall into a shaft and drop 3 floors!
  5630 | D:3      | Reached XP level 8. HP: 57/58 MP: 16/16
  5857 | D:3      | Killed Ijyb
  6206 | D:3      | Killed Natasha
  6230 | D:3      | Noticed Natasha
  6240 | D:3      | Killed Natasha
  6353 | D:3      | Found an ancient bone altar of Kikubaaqudgha.
  6748 | D:3      | Noticed Natasha
  6759 | D:3      | Killed Natasha
  7110 | D:4      | Found Lorral's Jewellery Boutique.
  7126 | D:4      | Found Oczenaer's Jewellery Shop.
  7130 | D:4      | Found Qyotips's General Store.
  7131 | D:4      | Bought a ring of willpower for 250 gold pieces
  7151 | D:4      | Bought a scroll of amnesia for 52 gold pieces
  7177 | D:4      | Found a sacrificial altar of Ru.
  7214 | D:4      | Found Yqenipre's Assorted Antiques.
  7223 | D:4      | Bought a scroll labelled FYMION QYTH for 18 gold pieces
  7223 | D:4      | Bought a scroll of identify for 36 gold pieces
  7379 | D:4      | Found Ritiuh Xiu's Magic Scroll Shoppe.
  7382 | D:4      | Bought a scroll of fear for 56 gold pieces
  7382 | D:4      | Bought a scroll of identify for 28 gold pieces
  7496 | D:4      | Found a runed translucent door.
  7497 | D:4      | Noticed Crazy Yiuf
  7507 | D:4      | Killed Crazy Yiuf
  7665 | D:4      | Found a staircase to the Ecumenical Temple.
  7984 | D:5      | Bought a scroll labelled CAALUAG UFREUSS for 21 gold pieces
  8230 | D:5      | Reached XP level 9. HP: 60/64 MP: 17/17
  8326 | D:6      | You fall into a shaft and drop 1 floor!
  8410 | D:7      | HP: 1/64 [gnoll sergeant/+0 trident (10)]
  8410 | D:7      | Slain by a gnoll

Illustrated notes

Levels and vault maps discovered:
D:1:      nagdon_arrival_double_spiral, layout_basic,
          hellmonk_ecumenical_altar_arch_garden
D:2:      minmay_spotlight, layout_loops_ring, uniq_jessica
D:3:      layout_loops_ring, mainiacjoe_overflow_concentric_impassable,
          uniq_ijyb, uniq_natasha
D:4:      layout_rooms, mainiacjoe_overflow_24_doors, temple_pool_b,
          serial_shops, shop, nicolae_shop_rolled_up, nicolae_shop_tiny_glass,
          shop, shop, eino_small_chamber_without_monster,
          chequers_serial_rivers_small_b,
          hangedman_abyss_or_decor_jellyfish_corner, saegor_snake_ambush,
          uniq_crazy_yiuf_cottage
D:5:      nicolae_cairo_tiling_very_big, layout_cave_pools, serial_shops, shop
D:6:      layout_basic, nicolae_shop_clearance
D:7:      layout_loops_corners, minivault_23
D:8:      layout_layer_cave, nicolae_hexahallways
D:9:      layout_small_grid, serial_ice, serial_ice_f, serial_ice_m,
          serial_ice_a, serial_ice_n, uniq_maurice
D:10:     layout_basic, chequers_serial_rivers_small_b,
          dreamdust_deal_with_the_devil
D:11:     layout_rooms, minmay_lair_entry_grove, enter_trove_0

Skill      XL: |  1  2  3  4  5  6  7  8 |
---------------+-------------------------+-----
Spellcasting   | 1 2 3 4 5 |  5.8
Conjurations   | 1 3 4 |  4.8
Translocations | 1 3 4 |  4.9
Ranged Weapons | 1 3 |  3.4
Fighting       | |  3.7
Maces & Flails | |  2.0
Dodging        | |  1.7
Stealth        | |  6.0

Action                     |  1- 3 |  4- 6 |  7- 9 || total
---------------------------+-------+-------+-------++-------
  Melee: Mace              |    12 |       |       ||    12
         Whip              |    79 |   187 |   210 ||   476
         Punch             |     1 |     2 |     2 ||     5
         Unarmed           |       |       |     6 ||     6
   Fire: Orcbow            |       |       |    95 ||    95
  Throw: Boomerang         |       |    15 |       ||    15
   Cast: Iskenderun's Myst |       |       |     1 ||     1
Ability: Shaft Self        |     2 |     4 |     6 ||    12
         Dig               |     1 |       |     2 ||     3
    Use: Scroll            |     1 |     3 |    11 ||    15
         Potion            |       |     2 |     1 ||     3
   Stab: Sleeping          |     7 |     5 |     2 ||    14
         Distracted        |       |     2 |       ||     2
 Armour: Leather armour    |    56 |    34 |   100 ||   190
         Ring mail         |       |    78 |    54 ||   132
         Skin              |       |       |     1 ||     1
  Dodge: Dodged            |    68 |   103 |   141 ||   312

Table legend: (Time is in decaauts)
 A = Elapsed time spent in this place.
 B = Non-inter-level travel time spent in this place.
 C = Inter-level travel time spent in this place.
 D = Time resting spent in this place.
 E = Time spent auto-exploring this place.
 F = Levels seen in this place.
 G = Mean time per level.
                   A        B        C        D        E       F      G
               +--------+--------+--------+--------+--------+-----+--------+
         Total |   8441 |   8087 |    354 |   2193 |   3157 |  11 |  767.4 |
       Dungeon |   8441 |   8087 |    354 |   2193 |   3157 |  11 |  767.4 |
               +--------+--------+--------+--------+--------+-----+--------+

Top non-repeatable levels by time:
     D:3: 1647 daAuts
     D:1: 1209 daAuts
     D:2: 1021 daAuts
     D:4: 1020 daAuts
     D:6: 835 daAuts
    D:10: 581 daAuts
     D:7: 557 daAuts
     D:9: 540 daAuts
     D:8: 529 daAuts
     D:5: 497 daAuts
    D:11: 1 daAuts
